 Dungeon Crawl Stone Soup version 0.28.0 (webtiles) character file.

Game seed: 8100299607984353451

74 Sanktem7 the Covered (level 4, -5/41 HPs)
             Began as a Minotaur Fighter on Feb 16, 2022.
             Slain by Natasha (8 damage)
             ... on level 2 of the Dungeon.
             The game lasted 00:02:05 (1428 turns).

Sanktem7 the Covered (Minotaur Fighter)             Turns: 1428, Time: 00:02:05

Health: -5/41      AC:  8    Str: 23    XL:     4   Next: 9%
Magic:  3/3        EV:  9    Int:  5    God:
Gold:   89         SH:  4    Dex:  9    Spells: 3/3 levels left

rFire   . . .      SeeInvis .   a - +0 war axe
rCold   . . .      Faith    .   c - +0 buckler
rNeg    . . .      Spirit   .   b - +0 scale mail
rPois   .          Reflect  .   (helmet restricted)
rElec   .          Harm     .   (no cloak)
rCorr   .          Rampage  .   g - +0 pair of gloves
Will    .....                   (no boots)
Stlth   ..........              (no amulet)
HPRegen 0.13/turn               (no ring)
MPRegen 0.08/turn               (no ring)

@: slowed, very slow
A: horns 2, retaliatory headbutt
a: no special abilities


You were on level 2 of the Dungeon.
You visited 1 branch of the dungeon, and saw 2 of its levels.

You collected 89 gold pieces.

Inventory:

Hand Weapons
 a - a +0 war axe (weapon)
Armour
 b - a +0 scale mail (worn)
 c - a +0 buckler (worn)
 g - a +0 pair of gloves (worn)
Jewellery
 k - an amulet of magic regeneration
Scrolls
 e - a scroll of vulnerability {unknown}
 i - a scroll of blinking {unknown}
Potions
 d - a potion of might
 f - a potion of mutation {unknown}
 h - a potion of degeneration {unknown}
 j - a potion of curing {unknown}


   Skills:
 * Level 4.4 Fighting
 * Level 3.7 Axes
 * Level 4.6 Armour
 - Level 3.6 Shields


You had 3 spell levels left.
You didn't know any spells.
Your spell library contained the following spells:

 Spells                   Type           Power      Damage    Failure   Level
 Petrify                  Tmut/Erth      0%         N/A       100%        4
 Metabolic Englaciation   Hex/Ice        0%         N/A       100%        5
 Statue Form              Tmut/Erth      0%         N/A       100%        6


Dungeon Overview and Level Annotations

Branches:
Dungeon (2/15)

Altars:

Annotations:
D:2 Natasha


Innate Abilities, Weirdness & Mutations

You have a pair of horns on your head.
You reflexively headbutt those who attack you in melee.


Message History

You kill the shadow imp!
The shadow imp disappears in a puff of smoke!
Natasha hisses.
Natasha claws you!
* * * LOW HITPOINT WARNING * * *
Natasha claws you but does no damage.
You hit Natasha.
Natasha is lightly wounded.
Natasha claws you but does no damage. Natasha claws you.
* * * LOW HITPOINT WARNING * * *
You barely miss Natasha.
Natasha is lightly wounded.
Natasha mumbles some strange words.
Natasha stares at you and mumbles some strange words.
You resist with some effort.
Unknown command.
You completely miss Natasha.
Natasha is lightly wounded.
Natasha barely misses you. Natasha claws you but does no damage.
You hit Natasha. Your headbutt misses Natasha.
Natasha is moderately wounded.
You closely miss the crimson imp. You block Natasha's attack.
The crimson imp barely misses you. Natasha barely misses you.
The crimson imp completely misses you.
You closely miss Natasha. You headbutt Natasha.
Natasha is moderately wounded.
You barely miss the crimson imp. Natasha barely misses you.
The crimson imp blinks!
You block Natasha's attack.
You slash Natasha! Your headbutt misses Natasha.
Natasha is almost dead.
Natasha casts a spell at you. You resist with some effort.
Natasha casts a spell at you. The magic dart hits you.
* * * LOW HITPOINT WARNING * * *
The crimson imp blinks!
You barely miss Natasha.
Natasha is almost dead.
Natasha claws you!
You die...

...........#..........
........................
.......######...........
.......### #...........
.........## #...........
#.#......######........
#........#.........#...
#........#.........##..
#..ยง.h@..#.........##..
#......................
#.##5....#.........##..
#.....................#
##########.........##.#
#.........##.#
#.........##.#
#.........##..
##############


You could see Natasha and a crimson imp (summoned).

Vanquished Creatures
  3 adders (D:2)
  3 dart slugs (D:1)
  2 ball pythons
  4 bats (D:1)
  7 endoplasms
  3 giant cockroaches
  4 goblins
  2 hobgoblins
  2 quokkas
  A frilled lizard (D:2)
  4 kobolds
  4 rats
39 creatures vanquished.

Vanquished Creatures (others)
  3 plants (D:1)
  4 toadstools (D:1)
7 creatures vanquished.

Grand Total: 46 creatures vanquished

Notes
Turn   | Place    | Note
-------+----------+-------------------------------------------
     0 | D:1      | Sanktem7 the Minotaur Fighter began the quest for the Orb.
     0 | D:1      | Reached XP level 1. HP: 19/19 MP: 0/0
    56 | D:1      | Reached XP level 2. HP: 26/27 MP: 1/1
   411 | D:1      | Reached XP level 3. HP: 33/33 MP: 2/2
   544 | D:1      | Found a faded altar of an unknown god.
  1261 | D:2      | Reached XP level 4. HP: 37/41 MP: 3/3
  1413 | D:2      | Noticed Natasha
  1428 | D:2      | Slain by Natasha

Illustrated notes

Levels and vault maps discovered:
D:1:      ldierk_water_garden, layout_rooms,
          shapermc_ecumenical_altar_flowoftime, serial_forest,
          infiniplex_forest_straight_3, infiniplex_forest_lined_3,
          infiniplex_forest_clump_double, infiniplex_forest_clump_small,
          infiniplex_forest_straight_1, infiniplex_forest_end_2,
          infiniplex_forest_clump_diagonal, chequers_serial_rivers_micro_d,
          nrook_loot_triangle
D:2:      layout_basic, uniq_natasha

Skill      XL: |  1  2  3 |
---------------+----------+-----
Armour         | 4 |  4.6
Fighting       | 4 |  4.4
Axes           | 3 |  3.7
Shields        | |  3.6

Action                   |  1- 3 |  4- 6 || total
-------------------------+-------+-------++-------
Melee: War axe           |    90 |    12 ||   102
       Headbutt          |     8 |     1 ||     9
Armor: Scale mail        |    54 |     5 ||    59
Dodge: Dodged            |    44 |     9 ||    53
Block: Buckler           |    11 |     3 ||    14
